 Dungeon Crawl Stone Soup version 0.20.1-1-g8b1a95d (webtiles) character file.

368 doot the Slasher (level 6, -3/46 HPs)
             Began as a Vampire Gladiator on July 9, 2017.
             Slain by a gnoll
             ... wielding a +0 scimitar
              (10 damage)
             ... on level 3 of the Dungeon.
             The game lasted 00:09:07 (3574 turns).

doot the Slasher (Vampire Gladiator)                Turns: 3574, Time: 00:09:08

Health: -3/46      AC:  4    Str: 14    XL:     6   Next: 41%
Magic:  6/6        EV: 14    Int: 11    God:
Gold:   118        SH:  0    Dex: 16    Spells: 5/5 levels left

rFire    . . .     SeeInvis +   s - +1 scythe (slice)
rCold    . . .     Gourm    .   (shield currently unavailable)
rNeg     + . .     Faith    .   b - +0 leather armour
rPois    .         Spirit   .   c - +0 helmet
rElec    .         Reflect  .   (no cloak)
rCorr    .         Harm     .   (no gloves)
MR       .....     Rnd*Tele +   (no boots)
Stlth    ++........             (no amulet)
Regen    0.2/turn               h - ring of teleportation (curse)
MPRegen  0.1/turn               (no ring)

@: no status effects
A: fangs 3, see invisible, unbreathing
a: Bat Form


You were on level 3 of the Dungeon.
You were not thirsty.

You visited 1 branch of the dungeon, and saw 3 of its levels.

You collected 118 gold pieces.

Inventory:

Hand Weapons
 a - a +0 long sword
 s - a +1 scythe of slicing (weapon)
Missiles
 d - 3 throwing nets (quivered)
Armour
 b - a +0 leather armour (worn)
 c - a +0 helmet (worn)
Jewellery
 h - a cursed ring of teleportation (left hand)
Scrolls
 f - a scroll of teleportation {unknown}
 g - 3 scrolls of remove curse {unknown}
 j - a scroll of fear {unknown}
 k - 3 scrolls of identify {unknown}
 l - a scroll of immolation {unknown}
 n - a scroll of enchant weapon {unknown}
 o - a scroll of enchant armour {unknown}
 q - a scroll of magic mapping {unknown}
 r - a scroll of amnesia {unknown}
Potions
 e - 17 potions of blood
 i - 2 potions of heal wounds {unknown}
 m - a potion of flight {unknown}
 p - a potion of curing {unknown}


   Skills:
 + Level 2.9 Fighting
 + Level 5.2 Long Blades
 + Level 1.7 Throwing
 + Level 1.7 Armour
 + Level 4.4 Dodging
 + Level 2.2 Stealth
 + Level 0.2 Unarmed Combat


You had 5 spell levels left.
You didn't know any spells.

Dungeon Overview and Level Annotations

Branches:
Dungeon (3/15)

Altars:
Vehumet


Innate Abilities, Weirdness & Mutations

You have razor-sharp teeth.
You have supernaturally acute eyesight. (SInv)
You can survive without breathing.


Message History

Yummy - fresh blood!
You are too injured to fight recklessly!
You are too injured to fight recklessly!
You are too injured to fight recklessly!
You are too injured to fight recklessly!
The gnoll shouts!
You hit the gnoll but do no damage.
You hear a shout! x2
The gnoll hits you with a club. The gnoll closely misses you.
A gnoll comes into view. It is wielding a club.
You hit the gnoll.
The gnoll is heavily wounded.
The gnoll hits you but does no damage. The gnoll hits you with a club.
* * * LOW HITPOINT WARNING * * *
The gnoll barely misses you. The gnoll hits you with a club.
* * * LOW HITPOINT WARNING * * *
You completely miss the gnoll. Your bite misses the gnoll.
The gnoll is heavily wounded.
The gnoll hits you with a scimitar!
You die...

#.#.#....... .#
#.###.#>.#.##### ##
#..........# #######.#### #.#
###### #.# ..g..# ##.######
####.#####.......# #####
#...........####@###...#
#.##[####...##.gg......# #.##.#
#.....#.#.###...# #.##.#
#.#.....#.# ##.## .÷...#
#.....###.# #.# #.#### #)..g##
#.# #.#
#.######.#..####.####.#########
..........g....................
≈≈≈≈≈≈....≈÷≈≈≈≈≈≈≈≈≈≈≈≈≈≈≈≈≈..


You could see 4 gnolls.

Vanquished Creatures
  Sigmund (D:3)
  A worker ant (D:3)
  9 gnolls (D:3)
  2 adders (D:2)
  4 dart slugs
  4 orcs (D:3)
  11 bats
  2 giant cockroaches
  9 goblins
  4 hobgoblins
  3 jackals (D:3)
  11 kobolds
  9 frilled lizards
  2 rats (D:1)
72 creatures vanquished.

Notes
Turn   | Place    | Note
-------+----------+-------------------------------------------
     0 | D:1      | doot the Vampire Gladiator began the quest for the Orb.
     0 | D:1      | Reached XP level 1. HP: 16/16 MP: 1/1
   256 | D:1      | Reached XP level 2. HP: 22/22 MP: 2/2
  1002 | D:1      | Reached XP level 3. HP: 25/27 MP: 3/3
  2089 | D:2      | Reached skill level 4 in Long Blades
  2344 | D:2      | Reached XP level 4. HP: 29/33 MP: 4/4
  2685 | D:3      | Reached skill level 1 in Stealth
  2760 | D:3      | Reached skill level 1 in Armour
  2820 | D:3      | Found a radiant altar of Vehumet.
  3044 | D:3      | Noticed Sigmund
  3081 | D:3      | Killed Sigmund
  3081 | D:3      | Reached skill level 5 in Long Blades
  3081 | D:3      | Reached XP level 5. HP: 13/39 MP: 5/5
  3234 | D:3      | Reached XP level 6. HP: 27/46 MP: 6/6
  3574 | D:3      | Slain by a gnoll

Skill      XL: |  1  2  3  4  5  6 |
---------------+-------------------+-----
Fighting       | 2 |  2.9
Long Blades    | 4 5 |  5.2
Stealth        | 1 2 |  2.2
Armour         | 1 |  1.7
Dodging        | 4 |  4.4
Throwing       | |  1.7
Unarmed Combat | |  0.2

Action                   |  1- 3 |  4- 6 || total
-------------------------+-------+-------++-------
Melee: Long sword        |   110 |    52 ||   162
       Bite              |     7 |    11 ||    18
       Unarmed           |       |    12 ||    12
       Scythe            |       |    39 ||    39
 Abil: End Transformatio |       |     3 ||     3
       Bat Form          |       |     3 ||     3
  Use: Potion            |     3 |     4 ||     7
 Stab: Sleeping          |     6 |     1 ||     7
       Distracted        |       |     1 ||     1
Armor: Leather armour    |    31 |    12 ||    43
Dodge: Dodged            |   113 |   105 ||   218
       Rpst.: Long sword |    32 |    15 ||    47
